Penguins vs Maple Leafs

Created - 10 mars 2018 at 15:55

Goals
1 2 3 OT1 T
Penguins 2 0 1 1 4
Maple Leafs 0 2 1 0 3
Shots
1 2 3 OT1 T
Penguins 13 9 10 3 35
Maple Leafs 3 18 7 1 29

1st period

1. Penguins , Kurtis Foster 2 (Marcus Johansson 13, Alexander Semin 20) at 12:32 (PP)
2. Penguins , Dan Hamhuis 8 (Jordan Schroeder 15, Alexander Burmistrov 16) at 13:44

Penalties :
Michael Del Zotto (TOR) for Hooking (Minor) at 1:23, Tanner Pearson (TOR) for High sticking (Minor) at 5:47, Mark Ardelan (PIT) for Hooking (Minor) at 5:47, Vincent Trocheck (TOR) for Hooking (Minor) at 10:12, Zach Dalpe (TOR) for Hooking (Minor) at 10:39, Morgan Rielly (TOR) for Roughing (Double Minor) at 15:45

2nd period

3. Maple Leafs , Mats Zuccarello 7 (Vincent Trocheck 12) at 14:17
4. Maple Leafs , Mats Zuccarello 8 (Sergei Kostitsyn 8, Roman Josi 40) at 19:31

Penalties :
Alexander Semin (PIT) for High sticking (Minor) at 2:31, Alexander Semin (PIT) for Holding (Minor) at 7:22, Nick Ritchie (PIT) for Tripping (Minor) at 16:07

3rd period

5. Penguins , Dan Hamhuis 9 (Alexander Burmistrov 17, Kyle Quincey 14) at 11:48 (PP)
6. Maple Leafs , Chris Phillips 8 (Nazem Kadri 22, Nick Foligno 17) at 12:05

Penalties :
Chris Phillips (TOR) for Roughing (Minor) at 4:50, Michael Del Zotto (TOR) for Goalie Interference (Minor) at 8:39, Michael Del Zotto (TOR) for Interference (Minor) at 10:40, Kurtis Foster (PIT) for High sticking (Minor) at 13:33, Michael Del Zotto (TOR) for Hooking (Minor) at 18:00

Overtime #1

7. Penguins , Alexander Semin 13 (Dan Hamhuis 44, Alexander Wennberg 29) at 3:46

Penalties :
No Penalty

Goalie Stats

Ondrej Pavelec (PIT), 26 saves from 29 shots - (0,897), W, 18-29-6, 63:47 minutes
Corey Crawford (TOR), 31 saves from 35 shots - (0,886), OTL, 20-27-4, 63:47 minutes

Players Stats for Penguins

Player Name              G  A  P  +/- PIM S  H  SB GA TA FO     MP     PP MP  PK MP  
------------------------------------------------------------------------------------
Alexander Burmistrov     0  2  2   0  0   1  0  0  0  0  7/14   20:43   7:44   5:27 
Alexander Semin          1  1  2   1  4   5  6  1  0  0  2/4    24:25   6:46   2:23 
Alexander Wennberg       0  1  1   1  0   2  0  0  0  0  10/21  15:16   0:00   0:00 
Dan Hamhuis              2  1  3   2  0   4  0  1  0  0  0/0    28:18   7:41   3:56 
Dustin Jeffrey           0  0  0  -1  0   4  0  0  0  0  4/9    13:08   7:17   0:22 
Jiri Novotny             0  0  0   0  0   0  0  0  0  0  0/1    10:28   3:20   1:18 
Jordan Schroeder         0  1  1   0  0   3  0  0  0  0  3/9    13:49   7:26   0:00 
Kamil Kreps              0  0  0   0  0   4  2  0  0  0  3/6    22:20   5:39   1:54 
Kurtis Foster            1  0  1  -2  2   2  1  4  0  0  0/0    23:32   7:15   3:15 
Kyle Quincey             0  1  1   1  0   1  1  0  0  0  0/0    27:11   7:31   4:04 
Marcus Johansson         0  1  1  -1  0   0  0  0  0  0  7/20   22:24   7:17   1:54 
Mark Ardelan             0  0  0  -1  2   1  2  0  0  0  0/0    15:31   1:17   4:37 
Matt Martin              0  0  0  -1  0   1  5  0  0  0  1/1    11:21   0:00   0:00 
Mike Commodore           0  0  0  -2  0   1  6  0  0  0  0/0    12:59   0:00   0:00 
Nick Ritchie             0  0  0  -1  2   1  0  0  0  0  1/1    11:20   0:00   0:00 
Nikita Soshnikov         0  0  0  -1  0   2  0  0  0  0  0/0     5:09   0:40   0:00 
Olli Maata               0  0  0  -1  0   2  0  1  0  0  0/0    16:14   7:02   0:00 
Perttu Lindgren          0  0  0  -1  0   1  0  0  0  0  1/4     7:13   0:00   2:34 

Players Stats for Maple Leafs

Player Name              G  A  P  +/- PIM S  H  SB GA TA FO     MP     PP MP  PK MP  
------------------------------------------------------------------------------------
Brandon Rogers           0  0  0  -1  0   0  3  1  0  0  0/0    16:30   0:00   3:44 
Brandon Yip              0  0  0   0  0   0  1  1  0  0  1/1     8:58   0:00   0:00 
Chris Phillips           1  0  1   2  2   2  4  2  0  0  0/0    22:41   3:31   6:19 
Mats Zuccarello          2  0  2   0  0   3  1  3  0  0  1/1    13:06   0:00   0:50 
Michael Del Zotto        0  0  0   1  8   0  2  0  0  0  0/0    11:28   0:00   0:48 
Morgan Rielly            0  0  0  -2  4   1  1  3  0  0  0/0    23:43   4:25   5:30 
Nazem Kadri              0  1  1   0  0   0  1  1  0  0  13/20  14:22   4:12   0:39 
Nick Foligno             0  1  1   1  0   5  0  0  0  0  5/9    21:16   4:12   7:59 
Oleg Kvasha              0  0  0   0  0   0  0  0  0  0  0/0    12:25   0:00   6:01 
Riley Armstrong          0  0  0   0  0   2  0  0  0  0  1/2     9:01   0:00   0:00 
Roman Josi               0  1  1   2  0   1  0  0  0  0  0/0    24:46   4:25   6:53 
Sergei Kostitsyn         0  1  1   1  0   3  0  0  0  0  0/1    11:59   0:00   0:26 
Shawn Weller             0  0  0   1  0   3  4  0  0  0  0/1    12:37   3:44   0:00 
Tanner Pearson           0  0  0   0  2   2  2  0  0  0  0/0    21:02   3:44   6:50 
Tom Walsh                0  0  0   1  0   2  1  2  0  0  0/0    24:17   3:31   7:16 
Vincent Trocheck         0  1  1   1  2   1  1  0  0  0  15/23  19:37   4:12   4:59 
William Nylander         0  0  0   0  0   3  1  0  0  0  8/20   13:33   3:44   0:00 
Zach Dalpe               0  0  0   0  2   1  1  0  0  0  7/12   10:57   0:00   1:45 

3 Stars

1 - Dan Hamhuis (PIT)
2 - Mats Zuccarello (TOR)
3 - Alexander Semin (PIT)

Power Play

Penguins - 2 on 9 Attempt(s) - 22,22%
Maple Leafs - 0 on 4 Attempt(s) - 0,00%

Penalty Kill

Penguins - 4 on 4 Attempt(s) - 100,00% - Score 0 goal in Penalty Kill
Maple Leafs - 7 on 9 Attempt(s) - 77,78% - Score 0 goal in Penalty Kill

Team Stat

Penguins - Hits : 23 - Faceoff Wins : 39 - Blocked Shots : 7 - Penalty Minutes : 10
Maple Leafs - Hits : 23 - Faceoff Wins : 51 - Blocked Shots : 13 - Penalty Minutes : 20

Official

Referees : Dan O'Rourke and Olivier Gouin
Linesman : Matt Jolliff and Chris Low

Game Notes

No Game Note

Finance

Level 1 -- Attendance: 6163 (94,82%) -- Ticket Income 708 745 $
Level 2 -- Attendance: 5014 (91,16%) -- Ticket Income 361 008 $
Level 3 -- Attendance: 2115 (84,60%) -- Ticket Income 101 520 $
Level 4 -- Attendance: 3675 (81,67%) -- Ticket Income 113 925 $
Luxury Box -- Attendance: 1739 (77,29%) -- Ticket Income 339 105 $
Game was played at the Air Canada Centre.
Total Attendance: 18706 (88,03%)
Total Ticket Income: 1 624 303 $
Other Income: 795 908 $
Total Income: 2 420 211 $

Penguins

5 vs 5 Forward 
   Center                   Left Wing                Right Wing               Time % Phy DF OF 
 1 Alexander Wennberg       Alexander Semin          Kamil Kreps              40     1   2  2  
 2 Marcus Johansson         Nick Ritchie             Matt Martin              30     1   2  2  
 3 Jordan Schroeder         Alexander Burmistrov     Jiri Novotny             20     1   2  2  
 4 Perttu Lindgren          Dustin Jeffrey           Nikita Soshnikov         10     1   2  2  

5 vs 5 Defense 
   Defense                  Defense                                           Time % Phy DF OF 
 1 Dan Hamhuis              Kyle Quincey                                      40     1   2  2  
 2 Mike Commodore           Kurtis Foster                                     30     1   2  2  
 3 Olli Maata               Mark Ardelan                                      20     1   2  2  
 4 Olli Maata               Mark Ardelan                                      10     1   2  2  

PowerPlay Forward 
   Center                   Left Wing                Right Wing               Time % Phy DF OF 
 1 Dustin Jeffrey           Alexander Semin          Marcus Johansson         60     1   2  2  
 2 Kamil Kreps              Alexander Burmistrov     Jordan Schroeder         40     1   2  2  

PowerPlay Defense
   Defense                  Defense                                           Time % Phy DF OF 
 1 Dan Hamhuis              Kyle Quincey                                      60     1   2  2  
 2 Olli Maata               Kurtis Foster                                     40     1   2  2  

Penalty Kill 4 Players Forward 
   Center                   Wing                     Time % Phy DF OF 
 1 Alexander Burmistrov     Alexander Semin          60     1   2  2  
 2 Marcus Johansson         Kamil Kreps              40     1   2  2  

Penalty Kill 4 Players Defense
   Defense                  Defense                  Time % Phy DF OF 
 1 Dan Hamhuis              Kyle Quincey             60     1   2  2  
 2 Mark Ardelan             Kurtis Foster            40     1   2  2  

Penalty Kill - 3 Players Forward 
   Forward                                           Time % Phy DF OF 
 1 Marcus Johansson                                  60     1   2  2  
 2 Kamil Kreps                                       40     1   2  2  

Penalty Kill - 3 Players Defense
   Defense                  Defense                  Time % Phy DF OF 
 1 Dan Hamhuis              Kyle Quincey             60     1   2  2  
 2 Mark Ardelan             Kurtis Foster            40     1   2  2  

4 vs 4 Forward 
   Center                   Wing                     Time % Phy DF OF 
 1 Dustin Jeffrey           Alexander Burmistrov     60     1   2  2  
 2 Marcus Johansson         Kamil Kreps              40     1   2  2  

4 vs 4 Defense
   Defense                  Defense                  Time % Phy DF OF 
 1 Dan Hamhuis              Kyle Quincey             60     1   2  2  
 2 Olli Maata               Kurtis Foster            40     1   2  2  

Last Minutes Offensive
   Center                   Left Wing                Right Wing               Defense                  Defense                  
   Alexander Wennberg       Alexander Semin          Marcus Johansson         Dan Hamhuis              Kyle Quincey             

Last Minutes Defensive
   Center                   Left Wing                Right Wing               Defense                  Defense                  
   Alexander Wennberg       Alexander Semin          Marcus Johansson         Dan Hamhuis              Kyle Quincey             

Goaltenders
Starting : Ondrej Pavelec           
Backup : Ilya Bryzgalov           

Extra Forwards
Normal : Dustin Jeffrey, Jiri Novotny, Perttu Lindgren - PP : Dustin Jeffrey, Jiri Novotny - PK : Perttu Lindgren
Extra Defensemen
Normal : Olli Maata, Mark Ardelan, Kyle Quincey - PP : Olli Maata - PK : Mark Ardelan, Dan Hamhuis
Penalty Shots
Perttu Lindgren, Alexander Semin, Marcus Johansson, Kamil Kreps, Alexander Burmistrov
Custom OT Lines Forwards
Alexander Semin, Alexander Wennberg, Marcus Johansson, Kamil Kreps, Alexander Burmistrov, Jordan Schroeder, Dustin Jeffrey, Jiri Novotny, Perttu Lindgren, Nick Ritchie
Custom OT Lines Defensemen
Dan Hamhuis, Kyle Quincey, Mark Ardelan, Kurtis Foster, Olli Maata

Scratches
Mike Fisher (Sprained Right Knee Injury), Kevin Klein (Back Surgery Injury), Jon Gillies (Healthy)

Maple Leafs

5 vs 5 Forward 
   Center                   Left Wing                Right Wing               Time % Phy DF OF 
 1 Nazem Kadri              Shawn Weller             Nick Foligno             29     1   1  3  
 2 Vincent Trocheck         Sergei Kostitsyn         Mats Zuccarello          26     1   2  2  
 3 William Nylander         Tanner Pearson           Brandon Yip              25     1   2  2  
 4 Zach Dalpe               Oleg Kvasha              Riley Armstrong          20     1   2  2  

5 vs 5 Defense 
   Defense                  Defense                                           Time % Phy DF OF 
 1 Morgan Rielly            Brandon Rogers                                    34     1   2  2  
 2 Chris Phillips           Roman Josi                                        33     1   2  2  
 3 Michael Del Zotto        Tom Walsh                                         33     1   2  2  
 4 Roman Josi               Morgan Rielly                                     0      1   2  2  

PowerPlay Forward 
   Center                   Left Wing                Right Wing               Time % Phy DF OF 
 1 Vincent Trocheck         Nick Foligno             Nazem Kadri              50     1   1  3  
 2 William Nylander         Shawn Weller             Tanner Pearson           50     1   1  3  

PowerPlay Defense
   Defense                  Defense                                           Time % Phy DF OF 
 1 Morgan Rielly            Roman Josi                                        50     1   1  3  
 2 Tom Walsh                Chris Phillips                                    50     1   1  3  

Penalty Kill 4 Players Forward 
   Center                   Wing                     Time % Phy DF OF 
 1 Vincent Trocheck         Oleg Kvasha              50     1   3  1  
 2 Nick Foligno             Tanner Pearson           50     1   3  1  

Penalty Kill 4 Players Defense
   Defense                  Defense                  Time % Phy DF OF 
 1 Morgan Rielly            Tom Walsh                50     1   4  0  
 2 Roman Josi               Chris Phillips           50     1   4  0  

Penalty Kill - 3 Players Forward 
   Forward                                           Time % Phy DF OF 
 1 Nazem Kadri                                       50     0   4  1  
 2 Nick Foligno                                      50     0   4  1  

Penalty Kill - 3 Players Defense
   Defense                  Defense                  Time % Phy DF OF 
 1 Brandon Rogers           Tom Walsh                50     1   3  1  
 2 Roman Josi               Chris Phillips           50     1   3  1  

4 vs 4 Forward 
   Center                   Wing                     Time % Phy DF OF 
 1 Zach Dalpe               Mats Zuccarello          50     1   2  2  
 2 William Nylander         Riley Armstrong          50     1   2  2  

4 vs 4 Defense
   Defense                  Defense                  Time % Phy DF OF 
 1 Chris Phillips           Morgan Rielly            50     1   2  2  
 2 Tom Walsh                Roman Josi               50     1   2  2  

Last Minutes Offensive
   Center                   Left Wing                Right Wing               Defense                  Defense                  
   Nazem Kadri              Shawn Weller             Nick Foligno             Chris Phillips           Brandon Rogers           

Last Minutes Defensive
   Center                   Left Wing                Right Wing               Defense                  Defense                  
   Nazem Kadri              Shawn Weller             Nick Foligno             Chris Phillips           Brandon Rogers           

Goaltenders
Starting : Corey Crawford           
Backup : Robert Esche             

Extra Forwards
Normal : Riley Armstrong, Nick Foligno, Nazem Kadri - PP : Nick Foligno, Nazem Kadri - PK : Zach Dalpe
Extra Defensemen
Normal : Roman Josi, Tom Walsh, Chris Phillips - PP : Roman Josi - PK : Chris Phillips, Tom Walsh
Penalty Shots
Riley Armstrong, Shawn Weller, Vincent Trocheck, Nick Foligno, Nazem Kadri
Custom OT Lines Forwards
Zach Dalpe, Riley Armstrong, Tanner Pearson, Mats Zuccarello, Sergei Kostitsyn, Nazem Kadri, Shawn Weller, Vincent Trocheck, William Nylander, Oleg Kvasha
Custom OT Lines Defensemen
Tom Walsh, Morgan Rielly, Brandon Rogers, Roman Josi, Chris Phillips

Scratches
Alex Petrovic (Healthy), Kyle Wharton (Suspend)

% Time on Ice - Penguins

Lines # - Real PCT - Wanted PCT - Time Play
Normal Forward
1 - 38% - 40% - 13:11
2 - 33% - 30% - 11:21
3 - 16% - 20% - 5:41
4 - 13% - 10% - 4:29
Normal Defense
1 - 40% - 40% - 13:46
2 - 37% - 30% - 12:59
3 - 19% - 20% - 6:42
4 - 4% - 10% - 1:15
PP Forward
1 - 47% - 60% - 7:17
2 - 53% - 40% - 8:06
PP Defense
1 - 50% - 60% - 7:41
2 - 50% - 40% - 7:42
PK Forward
1 - 76% - 60% - 6:02
2 - 24% - 40% - 1:54
PK Defense
1 - 42% - 60% - 3:19
2 - 58% - 40% - 4:37
PK3 Forward
1 - 0% - 60%
2 - 0% - 40%
PK3 Defense
1 - 0% - 60%
2 - 0% - 40%
44 Forward
1 - 58% - 60% - 1:09
2 - 42% - 40% - 0:50
44 Defense
1 - 42% - 60% - 0:50
2 - 58% - 40% - 1:09
Last Minute Offensive  - 0:00
Last Minute Defensive  - 0:00
Total
Forward - 60:00
Defense - 60:00

% Time on Ice - Maple Leafs

Lines # - Real PCT - Wanted PCT - Time Play
Normal Forward
1 - 26% - 29% - 8:53
2 - 30% - 26% - 10:27
3 - 26% - 25% - 8:58
4 - 18% - 20% - 6:24
Normal Defense
1 - 34% - 34% - 11:46
2 - 34% - 33% - 11:53
3 - 31% - 33% - 10:38
4 - 1% - 0% - 0:25
PP Forward
1 - 53% - 50% - 4:12
2 - 47% - 50% - 3:44
PP Defense
1 - 56% - 50% - 4:25
2 - 44% - 50% - 3:31
PK Forward
1 - 45% - 50% - 6:11
2 - 55% - 50% - 7:40
PK Defense
1 - 66% - 50% - 9:06
2 - 34% - 50% - 4:45
PK3 Forward
1 - 42% - 50% - 0:39
2 - 58% - 50% - 0:53
PK3 Defense
1 - 62% - 50% - 0:57
2 - 38% - 50% - 0:35
44 Forward
1 - 57% - 50% - 1:08
2 - 43% - 50% - 0:51
44 Defense
1 - 43% - 50% - 0:51
2 - 57% - 50% - 1:08
Last Minute Offensive  - 0:00
Last Minute Defensive  - 0:00
Total
Forward - 60:00
Defense - 60:00

Play by Play

1st period


0:01 of 1st period - Alexander Wennberg wins face-off versus Nazem Kadri in neutral zone.
0:01 of 1st period - Alexander Wennberg is hit by Shawn Weller.
0:27 of 1st period - Shot by Shawn Weller.
0:27 of 1st period - Shot Blocked by Dan Hamhuis.
1:06 of 1st period - Off-side.
1:07 of 1st period - Marcus Johansson wins face-off versus William Nylander in neutral zone.
1:23 of 1st period - Minor Penalty to Michael Del Zotto for Hooking.
1:24 of 1st period - Vincent Trocheck wins face-off versus Kamil Kreps in Maple Leafs zone.
1:56 of 1st period - Shot by Kurtis Foster.
1:56 of 1st period - Shot Misses the Net.
2:32 of 1st period - Shot by Dan Hamhuis.
2:32 of 1st period - Shot Misses the Net.
2:34 of 1st period - Shot by Dan Hamhuis.
2:34 of 1st period - Shot Misses the Net.
3:00 of 1st period - Icing by Olli Maata.
3:01 of 1st period - Nick Foligno wins face-off versus Jiri Novotny in Penguins zone.
3:27 of 1st period - Icing by Mike Commodore.
3:28 of 1st period - Nazem Kadri wins face-off versus Marcus Johansson in Penguins zone.
3:29 of 1st period - Shot by Nick Foligno.
3:29 of 1st period - Shot Misses the Net.
3:54 of 1st period - Nick Ritchie is hit by Brandon Rogers and loses puck.
4:17 of 1st period - Off-side.
4:18 of 1st period - Zach Dalpe wins face-off versus Alexander Wennberg in neutral zone.
5:29 of 1st period - Shot by Mats Zuccarello.
5:29 of 1st period - Deflect By Sergei Kostitsyn.
5:29 of 1st period - Stopped by Ondrej Pavelec without a rebound.
5:30 of 1st period - William Nylander wins face-off versus Jordan Schroeder in Penguins zone.
5:30 of 1st period - Morgan Rielly is hit by Mark Ardelan.
5:47 of 1st period - Minor Penalty to Tanner Pearson for High sticking.
5:47 of 1st period - Minor Penalty to Mark Ardelan for Hooking.
5:48 of 1st period - Zach Dalpe wins face-off versus Dustin Jeffrey in Penguins zone.
6:11 of 1st period - Shot by Alexander Burmistrov.
6:11 of 1st period - Shot Blocked by Tom Walsh.
6:53 of 1st period - Shot by Kamil Kreps.
6:53 of 1st period - Stopped by Corey Crawford with a rebound.
7:07 of 1st period - Kyle Quincey is hit by Chris Phillips.
7:15 of 1st period - Shot by William Nylander.
7:15 of 1st period - Stopped by Ondrej Pavelec with a rebound.
7:29 of 1st period - Olli Maata is hit by William Nylander and loses puck.
7:57 of 1st period - Icing by Marcus Johansson.
7:58 of 1st period - Nazem Kadri wins face-off versus Marcus Johansson in Penguins zone.
8:07 of 1st period - Shot by Shawn Weller.
8:07 of 1st period - Shot Misses the Net.
8:38 of 1st period - Icing by Olli Maata.
8:39 of 1st period - William Nylander wins face-off versus Jordan Schroeder in Penguins zone.
9:58 of 1st period - Shot by Mats Zuccarello.
9:58 of 1st period - Shot Misses the Net.
10:12 of 1st period - Minor Penalty to Vincent Trocheck for Hooking.
10:13 of 1st period - Zach Dalpe wins face-off versus Dustin Jeffrey in Maple Leafs zone.
10:20 of 1st period - Shot by Dan Hamhuis.
10:20 of 1st period - Stopped by Corey Crawford without a rebound.
10:21 of 1st period - Dustin Jeffrey wins face-off versus Zach Dalpe in Maple Leafs zone.
10:26 of 1st period - Shot by Alexander Semin.
10:26 of 1st period - Shot Misses the Net.
10:28 of 1st period - Shot by Kurtis Foster.
10:28 of 1st period - Stopped by Corey Crawford without a rebound.
10:29 of 1st period - Kamil Kreps wins face-off versus Nick Foligno in Maple Leafs zone.
10:39 of 1st period - Minor Penalty to Zach Dalpe for Hooking.
10:40 of 1st period - Nazem Kadri wins face-off versus Dustin Jeffrey in Maple Leafs zone.
10:59 of 1st period - Shot by Dustin Jeffrey.
10:59 of 1st period - Shot Misses the Net.
11:01 of 1st period - Shot by Alexander Semin.
11:01 of 1st period - Shot Misses the Net.
11:16 of 1st period - Shot by Olli Maata.
11:16 of 1st period - Shot Blocked by Nazem Kadri.
11:48 of 1st period - Shot by Dan Hamhuis.
11:48 of 1st period - Shot Misses the Net.
11:50 of 1st period - Shot by Kyle Quincey.
11:50 of 1st period - Stopped by Corey Crawford with a rebound.
12:32 of 1st period - Shot by Kurtis Foster.
12:32 of 1st period - Goal by Kurtis Foster - Penguins : 1 - Maple Leafs : 0.
12:33 of 1st period - Vincent Trocheck wins face-off versus Perttu Lindgren in neutral zone.
12:40 of 1st period - Nikita Soshnikov is hit by Vincent Trocheck and loses puck.
12:57 of 1st period - Shot by Mike Commodore.
12:57 of 1st period - Stopped by Corey Crawford without a rebound.
12:58 of 1st period - Zach Dalpe wins face-off versus Marcus Johansson in Maple Leafs zone.
13:03 of 1st period - Dan Hamhuis is hit by Zach Dalpe and loses puck.
13:08 of 1st period - Shot by Oleg Kvasha.
13:08 of 1st period - Shot Misses the Net.
13:10 of 1st period - Shot by Riley Armstrong.
13:10 of 1st period - Stopped by Ondrej Pavelec without a rebound.
13:11 of 1st period - Jordan Schroeder wins face-off versus Vincent Trocheck in Penguins zone.
13:11 of 1st period - Dan Hamhuis is hit by Mats Zuccarello and loses puck.
13:23 of 1st period - Jordan Schroeder is hit by Morgan Rielly and loses puck.
13:26 of 1st period - Shot by Jiri Novotny.
13:26 of 1st period - Shot Misses the Net.
13:28 of 1st period - Shot by Jordan Schroeder.
13:28 of 1st period - Shot Misses the Net.
13:30 of 1st period - Shot by Kyle Quincey.
13:30 of 1st period - Shot Blocked by Mats Zuccarello.
13:40 of 1st period - Shot by Alexander Burmistrov.
13:40 of 1st period - Stopped by Corey Crawford with a rebound.
13:42 of 1st period - Shot by Alexander Burmistrov.
13:42 of 1st period - Deflect By Jordan Schroeder.
13:42 of 1st period - Shot Blocked by Brandon Rogers.
13:44 of 1st period - Shot by Dan Hamhuis.
13:44 of 1st period - Goal by Dan Hamhuis - Penguins : 2 - Maple Leafs : 0.
13:45 of 1st period - Alexander Wennberg wins face-off versus William Nylander in neutral zone.
13:45 of 1st period - Alexander Wennberg is hit by Tanner Pearson.
13:49 of 1st period - William Nylander is hit by Alexander Semin and loses puck.
13:56 of 1st period - Shot by Alexander Wennberg.
13:56 of 1st period - Stopped by Corey Crawford without a rebound.
13:57 of 1st period - Matt Martin wins face-off versus Zach Dalpe in Maple Leafs zone.
14:17 of 1st period - Chris Phillips is hit by Mike Commodore and loses puck.
15:03 of 1st period - Shot by Kamil Kreps.
15:03 of 1st period - Stopped by Corey Crawford without a rebound.
15:04 of 1st period - Nazem Kadri wins face-off versus Jordan Schroeder in Maple Leafs zone.
15:43 of 1st period - Shot by Jordan Schroeder.
15:43 of 1st period - Stopped by Corey Crawford without a rebound.
15:44 of 1st period - Alexander Wennberg wins face-off versus William Nylander in Maple Leafs zone.
15:44 of 1st period - Dan Hamhuis is hit by Brandon Rogers and loses puck.
15:45 of 1st period - Double Minor Penalty to Morgan Rielly for Roughing.
15:46 of 1st period - Nick Foligno wins face-off versus Dustin Jeffrey in Maple Leafs zone.
15:57 of 1st period - Nick Foligno is hit by Alexander Semin and loses puck.
19:04 of 1st period - Shot by Mats Zuccarello.
19:04 of 1st period - Shot Misses the Net.
19:48 of 1st period - Shot by Perttu Lindgren.
19:48 of 1st period - Shot Misses the Net.
19:50 of 1st period - Shot by Matt Martin.
19:50 of 1st period - Stopped by Corey Crawford without a rebound.
19:51 of 1st period - Nick Ritchie wins face-off versus William Nylander in Maple Leafs zone.
19:52 of 1st period - Shot by Matt Martin.
19:52 of 1st period - Shot Misses the Net.
19:54 of 1st period - Shot by Nick Ritchie.
19:54 of 1st period - Deflect By Perttu Lindgren.
19:54 of 1st period - Stopped by Corey Crawford without a rebound.
19:55 of 1st period - Perttu Lindgren wins face-off versus William Nylander in Maple Leafs zone.
Goals for this period are 2 for Penguins vs 0 for Maple Leafs.
Shots for this period are 13 for Penguins vs 3 for Maple Leafs.

2nd period


0:01 of 2nd period - Alexander Wennberg wins face-off versus Sergei Kostitsyn in neutral zone.
0:25 of 2nd period - Shot by Alexander Semin.
0:25 of 2nd period - Shot Hit the Post.
0:29 of 2nd period - Shot by Alexander Semin.
0:29 of 2nd period - Deflect By Kamil Kreps.
0:29 of 2nd period - Stopped by Corey Crawford without a rebound.
0:30 of 2nd period - William Nylander wins face-off versus Marcus Johansson in Maple Leafs zone.
0:30 of 2nd period - Roman Josi is hit by Matt Martin and loses puck.
0:35 of 2nd period - Shot by Nick Ritchie.
0:35 of 2nd period - Shot Misses the Net.
1:11 of 2nd period - Shot by Nick Ritchie.
1:11 of 2nd period - Shot Misses the Net.
1:13 of 2nd period - Shot by Matt Martin.
1:13 of 2nd period - Shot Misses the Net.
1:35 of 2nd period - Shot by Nick Foligno.
1:35 of 2nd period - Stopped by Ondrej Pavelec without a rebound.
1:36 of 2nd period - Nazem Kadri wins face-off versus Jordan Schroeder in Penguins zone.
1:53 of 2nd period - Shot by Nazem Kadri.
1:53 of 2nd period - Shot Hit the Post.
1:56 of 2nd period - Icing by Mark Ardelan.
1:57 of 2nd period - Vincent Trocheck wins face-off versus Alexander Burmistrov in Penguins zone.
2:04 of 2nd period - Shot by Jiri Novotny.
2:04 of 2nd period - Shot Misses the Net.
2:14 of 2nd period - Shot by Mats Zuccarello.
2:14 of 2nd period - Deflect By Vincent Trocheck.
2:14 of 2nd period - Stopped by Ondrej Pavelec without a rebound.
2:15 of 2nd period - Nazem Kadri wins face-off versus Alexander Wennberg in Penguins zone.
2:20 of 2nd period - Shot by Nick Foligno.
2:20 of 2nd period - Deflect By Shawn Weller.
2:20 of 2nd period - Stopped by Ondrej Pavelec without a rebound.
2:21 of 2nd period - Kamil Kreps wins face-off versus Nazem Kadri in Penguins zone.
2:31 of 2nd period - Minor Penalty to Alexander Semin for High sticking.
2:32 of 2nd period - Alexander Burmistrov wins face-off versus William Nylander in Penguins zone.
3:02 of 2nd period - Shot by Shawn Weller.
3:02 of 2nd period - Deflect By William Nylander.
3:02 of 2nd period - Stopped by Ondrej Pavelec with a rebound.
3:04 of 2nd period - Shot by Roman Josi.
3:04 of 2nd period - Shot Misses the Net.
3:06 of 2nd period - Shot by Roman Josi.
3:06 of 2nd period - Shot Misses the Net.
3:08 of 2nd period - Shot by William Nylander.
3:08 of 2nd period - Stopped by Ondrej Pavelec without a rebound.
3:09 of 2nd period - Alexander Burmistrov wins face-off versus Vincent Trocheck in Penguins zone.
3:50 of 2nd period - Shot by Nick Foligno.
3:50 of 2nd period - Shot Misses the Net.
3:52 of 2nd period - Shot by Nick Foligno.
3:52 of 2nd period - Stopped by Ondrej Pavelec with a rebound.
4:06 of 2nd period - Shot by Roman Josi.
4:06 of 2nd period - Shot Blocked by Kurtis Foster.
4:08 of 2nd period - Shot by Tanner Pearson.
4:08 of 2nd period - Stopped by Ondrej Pavelec without a rebound.
4:09 of 2nd period - William Nylander wins face-off versus Alexander Burmistrov in Penguins zone.
4:33 of 2nd period - Shot by Brandon Rogers.
4:33 of 2nd period - Deflect By Oleg Kvasha.
4:33 of 2nd period - Shot Misses the Net.
4:41 of 2nd period - Shot by Riley Armstrong.
4:41 of 2nd period - Stopped by Ondrej Pavelec without a rebound.
4:42 of 2nd period - Vincent Trocheck wins face-off versus Marcus Johansson in Penguins zone.
4:48 of 2nd period - Icing by Nick Ritchie.
4:49 of 2nd period - Marcus Johansson wins face-off versus Zach Dalpe in Penguins zone.
5:22 of 2nd period - Shot by Riley Armstrong.
5:22 of 2nd period - Deflect By Zach Dalpe.
5:22 of 2nd period - Stopped by Ondrej Pavelec without a rebound.
5:23 of 2nd period - Alexander Wennberg wins face-off versus Nazem Kadri in Penguins zone.
5:23 of 2nd period - Alexander Wennberg is hit by Shawn Weller.
5:37 of 2nd period - Shot by Kamil Kreps.
5:37 of 2nd period - Shot Blocked by Morgan Rielly.
5:39 of 2nd period - Shot by Kamil Kreps.
5:39 of 2nd period - Deflect By Alexander Semin.
5:39 of 2nd period - Stopped by Corey Crawford without a rebound.
5:40 of 2nd period - Vincent Trocheck wins face-off versus Perttu Lindgren in Maple Leafs zone.
5:47 of 2nd period - Shot by Sergei Kostitsyn.
5:47 of 2nd period - Stopped by Ondrej Pavelec without a rebound.
5:48 of 2nd period - Nazem Kadri wins face-off versus Alexander Wennberg in Penguins zone.
6:13 of 2nd period - Shot by Alexander Semin.
6:13 of 2nd period - Shot Misses the Net.
6:15 of 2nd period - Shot by Kamil Kreps.
6:15 of 2nd period - Stopped by Corey Crawford without a rebound.
6:16 of 2nd period - Vincent Trocheck wins face-off versus Marcus Johansson in Maple Leafs zone.
6:22 of 2nd period - Tom Walsh is hit by Mike Commodore.
7:22 of 2nd period - Minor Penalty to Alexander Semin for Holding.
7:23 of 2nd period - William Nylander wins face-off versus Alexander Burmistrov in Penguins zone.
7:28 of 2nd period - Shot by Morgan Rielly.
7:28 of 2nd period - Stopped by Ondrej Pavelec without a rebound.
7:29 of 2nd period - Alexander Burmistrov wins face-off versus William Nylander in Penguins zone.
7:29 of 2nd period - Alexander Burmistrov is hit by Tanner Pearson.
7:40 of 2nd period - Icing by Morgan Rielly.
7:41 of 2nd period - William Nylander wins face-off versus Alexander Burmistrov in Maple Leafs zone.
7:49 of 2nd period - Shot by Roman Josi.
7:49 of 2nd period - Shot Blocked by Kurtis Foster.
7:51 of 2nd period - Shot by Roman Josi.
7:51 of 2nd period - Shot Misses the Net.
7:53 of 2nd period - Shot by Roman Josi.
7:53 of 2nd period - Shot Misses the Net.
7:55 of 2nd period - Shot by Roman Josi.
7:55 of 2nd period - Stopped by Ondrej Pavelec without a rebound.
7:56 of 2nd period - Alexander Burmistrov wins face-off versus Vincent Trocheck in Penguins zone.
8:25 of 2nd period - Shot by Nazem Kadri.
8:25 of 2nd period - Shot Misses the Net.
8:58 of 2nd period - Shawn Weller is hit by Kurtis Foster and loses puck.
9:49 of 2nd period - Shot by Dustin Jeffrey.
9:49 of 2nd period - Stopped by Corey Crawford without a rebound.
9:50 of 2nd period - Vincent Trocheck wins face-off versus Alexander Wennberg in Maple Leafs zone.
9:54 of 2nd period - Off-side.
9:55 of 2nd period - Marcus Johansson wins face-off versus Nazem Kadri in neutral zone.
10:06 of 2nd period - Nick Foligno is hit by Matt Martin and loses puck.
10:21 of 2nd period - Shot by Olli Maata.
10:21 of 2nd period - Stopped by Corey Crawford with a rebound.
10:27 of 2nd period - Shot by Olli Maata.
10:27 of 2nd period - Shot Misses the Net.
10:33 of 2nd period - Shot by Olli Maata.
10:33 of 2nd period - Stopped by Corey Crawford without a rebound.
10:34 of 2nd period - Brandon Yip wins face-off versus Alexander Wennberg in Maple Leafs zone.
10:45 of 2nd period - Shot by Roman Josi.
10:45 of 2nd period - Deflect By Tanner Pearson.
10:45 of 2nd period - Shot Misses the Net.
10:47 of 2nd period - Shot by Chris Phillips.
10:47 of 2nd period - Stopped by Ondrej Pavelec with a rebound.
10:49 of 2nd period - Shot by Brandon Yip.
10:49 of 2nd period - Shot Hit the Post.
11:08 of 2nd period - Alexander Semin is hit by Brandon Yip and loses puck.
11:51 of 2nd period - Shot by Vincent Trocheck.
11:51 of 2nd period - Shot Blocked by Kurtis Foster.
11:53 of 2nd period - Shot by Mats Zuccarello.
11:53 of 2nd period - Stopped by Ondrej Pavelec without a rebound.
11:54 of 2nd period - Nazem Kadri wins face-off versus Marcus Johansson in Penguins zone.
11:55 of 2nd period - Shot by Shawn Weller.
11:55 of 2nd period - Stopped by Ondrej Pavelec without a rebound.
11:56 of 2nd period - Marcus Johansson wins face-off versus Nazem Kadri in Penguins zone.
12:05 of 2nd period - Marcus Johansson is hit by Michael Del Zotto and loses puck.
12:37 of 2nd period - Shot by Nick Ritchie.
12:37 of 2nd period - Stopped by Corey Crawford without a rebound.
12:38 of 2nd period - Alexander Wennberg wins face-off versus William Nylander in Maple Leafs zone.
12:51 of 2nd period - Shot by Alexander Wennberg.
12:51 of 2nd period - Shot Misses the Net.
12:53 of 2nd period - Shot by Dan Hamhuis.
12:53 of 2nd period - Shot Blocked by Chris Phillips.
12:55 of 2nd period - Shot by Alexander Semin.
12:55 of 2nd period - Shot Misses the Net.
12:57 of 2nd period - Shot by Alexander Wennberg.
12:57 of 2nd period - Shot Blocked by Brandon Yip.
13:07 of 2nd period - Shot by Alexander Semin.
13:07 of 2nd period - Shot Misses the Net.
13:38 of 2nd period - Off-side.
13:39 of 2nd period - Nick Foligno wins face-off versus Marcus Johansson in neutral zone.
13:39 of 2nd period - Nick Foligno is hit by Matt Martin.
14:13 of 2nd period - Shot by Nick Foligno.
14:13 of 2nd period - Stopped by Ondrej Pavelec without a rebound.
14:14 of 2nd period - Vincent Trocheck wins face-off versus Jordan Schroeder in Penguins zone.
14:17 of 2nd period - Shot by Mats Zuccarello.
14:17 of 2nd period - Goal by Mats Zuccarello - Penguins : 2 - Maple Leafs : 1.
14:18 of 2nd period - Vincent Trocheck wins face-off versus Alexander Wennberg in neutral zone.
14:18 of 2nd period - Vincent Trocheck is hit by Alexander Semin.
15:12 of 2nd period - Alexander Wennberg is hit by Brandon Rogers and loses puck.
15:37 of 2nd period - Shot by Marcus Johansson.
15:37 of 2nd period - Shot Misses the Net.
15:40 of 2nd period - Icing by Morgan Rielly.
15:41 of 2nd period - William Nylander wins face-off versus Jordan Schroeder in Maple Leafs zone.
16:03 of 2nd period - Shot by Jordan Schroeder.
16:03 of 2nd period - Stopped by Corey Crawford without a rebound.
16:04 of 2nd period - Nazem Kadri wins face-off versus Marcus Johansson in Maple Leafs zone.
16:04 of 2nd period - Nazem Kadri is hit by Matt Martin.
16:07 of 2nd period - Minor Penalty to Nick Ritchie for Tripping.
16:08 of 2nd period - Alexander Burmistrov wins face-off versus Vincent Trocheck in Penguins zone.
16:08 of 2nd period - Alexander Semin is hit by Nazem Kadri.
16:13 of 2nd period - Off-side.
16:14 of 2nd period - Vincent Trocheck wins face-off versus Alexander Burmistrov in neutral zone.
16:52 of 2nd period - Vincent Trocheck is hit by Mark Ardelan and loses puck.
16:55 of 2nd period - Shot by Tom Walsh.
16:55 of 2nd period - Shot Blocked by Alexander Semin.
17:21 of 2nd period - Kyle Quincey is hit by Shawn Weller.
17:50 of 2nd period - Icing by Morgan Rielly.
17:51 of 2nd period - Alexander Burmistrov wins face-off versus William Nylander in Maple Leafs zone.
17:52 of 2nd period - Shot by Alexander Semin.
17:52 of 2nd period - Shot Misses the Net.
17:54 of 2nd period - Shot by Alexander Semin.
17:54 of 2nd period - Stopped by Corey Crawford without a rebound.
17:55 of 2nd period - Vincent Trocheck wins face-off versus Marcus Johansson in Maple Leafs zone.
19:23 of 2nd period - Shot by Sergei Kostitsyn.
19:23 of 2nd period - Shot Misses the Net.
19:29 of 2nd period - Shot by Mats Zuccarello.
19:29 of 2nd period - Shot Misses the Net.
19:31 of 2nd period - Shot by Mats Zuccarello.
19:31 of 2nd period - Goal by Mats Zuccarello - Penguins : 2 - Maple Leafs : 2.
19:32 of 2nd period - Nazem Kadri wins face-off versus Alexander Wennberg in neutral zone.
19:34 of 2nd period - Tom Walsh is hit by Kyle Quincey and loses puck.
19:45 of 2nd period - Shot by Alexander Semin.
19:45 of 2nd period - Shot Misses the Net.
19:59 of 2nd period - Shot by Alexander Wennberg.
19:59 of 2nd period - Shot Misses the Net.
Goals for this period are 0 for Penguins vs 2 for Maple Leafs.
Shots for this period are 9 for Penguins vs 18 for Maple Leafs.

3rd period


0:01 of 3rd period - Nazem Kadri wins face-off versus Alexander Wennberg in neutral zone.
0:06 of 3rd period - Shot by Nick Foligno.
0:06 of 3rd period - Stopped by Ondrej Pavelec without a rebound.
0:07 of 3rd period - Alexander Wennberg wins face-off versus Shawn Weller in Penguins zone.
0:32 of 3rd period - Icing by Chris Phillips.
0:33 of 3rd period - Nazem Kadri wins face-off versus Marcus Johansson in Maple Leafs zone.
0:33 of 3rd period - Nazem Kadri is hit by Matt Martin.
0:39 of 3rd period - Marcus Johansson is hit by Shawn Weller and loses puck.
0:55 of 3rd period - Icing by Mike Commodore.
0:56 of 3rd period - Marcus Johansson wins face-off versus William Nylander in Penguins zone.
1:04 of 3rd period - Icing by Nick Ritchie.
1:05 of 3rd period - Zach Dalpe wins face-off versus Marcus Johansson in Penguins zone.
1:10 of 3rd period - Shot by Zach Dalpe.
1:10 of 3rd period - Shot Blocked by Kurtis Foster.
1:48 of 3rd period - Shot by Alexander Wennberg.
1:48 of 3rd period - Stopped by Corey Crawford with a rebound.
1:50 of 3rd period - Shot by Alexander Wennberg.
1:50 of 3rd period - Shot Misses the Net.
2:05 of 3rd period - Icing by Tom Walsh.
2:06 of 3rd period - Jordan Schroeder wins face-off versus Zach Dalpe in Maple Leafs zone.
2:06 of 3rd period - Olli Maata is hit by Michael Del Zotto and loses puck.
3:40 of 3rd period - Shot by Vincent Trocheck.
3:40 of 3rd period - Deflect By Sergei Kostitsyn.
3:40 of 3rd period - Shot Misses the Net.
3:56 of 3rd period - Shot by Alexander Semin.
3:56 of 3rd period - Shot Hit the Post.
3:58 of 3rd period - Shot by Dan Hamhuis.
3:58 of 3rd period - Shot Blocked by Mats Zuccarello.
4:00 of 3rd period - Shot by Dan Hamhuis.
4:00 of 3rd period - Shot Misses the Net.
4:14 of 3rd period - Alexander Semin is hit by Chris Phillips and loses puck.
4:28 of 3rd period - Nick Ritchie is hit by Chris Phillips and loses puck.
4:46 of 3rd period - Nick Ritchie is hit by Chris Phillips and loses puck.
4:50 of 3rd period - Minor Penalty to Chris Phillips for Roughing.
4:51 of 3rd period - Nick Foligno wins face-off versus Dustin Jeffrey in Maple Leafs zone.
4:51 of 3rd period - Nick Foligno is hit by Alexander Semin.
5:01 of 3rd period - Shot by Dustin Jeffrey.
5:01 of 3rd period - Stopped by Corey Crawford without a rebound.
5:02 of 3rd period - Dustin Jeffrey wins face-off versus Nick Foligno in Maple Leafs zone.
6:48 of 3rd period - Shot by Olli Maata.
6:48 of 3rd period - Shot Blocked by Morgan Rielly.
6:50 of 3rd period - Shot by Jiri Novotny.
6:50 of 3rd period - Shot Misses the Net.
6:52 of 3rd period - Shot by Jiri Novotny.
6:52 of 3rd period - Deflect By Perttu Lindgren.
6:52 of 3rd period - Shot Misses the Net.
6:56 of 3rd period - Shot by Nikita Soshnikov.
6:56 of 3rd period - Stopped by Corey Crawford with a rebound.
6:58 of 3rd period - Shot by Nikita Soshnikov.
6:58 of 3rd period - Stopped by Corey Crawford without a rebound.
6:59 of 3rd period - Vincent Trocheck wins face-off versus Alexander Wennberg in Maple Leafs zone.
7:06 of 3rd period - Shot by Vincent Trocheck.
7:06 of 3rd period - Deflect By Sergei Kostitsyn.
7:06 of 3rd period - Stopped by Ondrej Pavelec without a rebound.
7:07 of 3rd period - Zach Dalpe wins face-off versus Perttu Lindgren in Penguins zone.
7:18 of 3rd period - Shot by Dustin Jeffrey.
7:18 of 3rd period - Stopped by Corey Crawford without a rebound.
7:19 of 3rd period - Alexander Wennberg wins face-off versus Vincent Trocheck in Maple Leafs zone.
7:42 of 3rd period - Shot by Kamil Kreps.
7:42 of 3rd period - Shot Misses the Net.
7:59 of 3rd period - Mats Zuccarello is hit by Mike Commodore and loses puck.
8:39 of 3rd period - Minor Penalty to Michael Del Zotto for Goalie Interference.
8:40 of 3rd period - Nick Foligno wins face-off versus Kamil Kreps in Maple Leafs zone.
8:53 of 3rd period - Tanner Pearson is hit by Kamil Kreps and loses puck.
9:10 of 3rd period - Zach Dalpe is hit by Kamil Kreps and loses puck.
10:40 of 3rd period - Minor Penalty to Michael Del Zotto for Interference.
10:41 of 3rd period - Dustin Jeffrey wins face-off versus Nick Foligno in Maple Leafs zone.
10:54 of 3rd period - Shot by Olli Maata.
10:54 of 3rd period - Shot Blocked by Chris Phillips.
10:56 of 3rd period - Shot by Dustin Jeffrey.
10:56 of 3rd period - Shot Misses the Net.
10:58 of 3rd period - Shot by Kurtis Foster.
10:58 of 3rd period - Shot Misses the Net.
11:00 of 3rd period - Shot by Dustin Jeffrey.
11:00 of 3rd period - Stopped by Corey Crawford without a rebound.
11:01 of 3rd period - Jordan Schroeder wins face-off versus Vincent Trocheck in Maple Leafs zone.
11:10 of 3rd period - Shot by Mark Ardelan.
11:10 of 3rd period - Stopped by Corey Crawford without a rebound.
11:11 of 3rd period - Dustin Jeffrey wins face-off versus Vincent Trocheck in Maple Leafs zone.
11:28 of 3rd period - Shot by Marcus Johansson.
11:28 of 3rd period - Deflect By Alexander Semin.
11:28 of 3rd period - Stopped by Corey Crawford without a rebound.
11:29 of 3rd period - Kamil Kreps wins face-off versus Nick Foligno in Maple Leafs zone.
11:44 of 3rd period - Shot by Kyle Quincey.
11:44 of 3rd period - Shot Hit the Post.
11:46 of 3rd period - Shot by Alexander Burmistrov.
11:46 of 3rd period - Shot Misses the Net.
11:48 of 3rd period - Shot by Dan Hamhuis.
11:48 of 3rd period - Goal by Dan Hamhuis - Penguins : 3 - Maple Leafs : 2.
11:49 of 3rd period - Mats Zuccarello wins face-off versus Marcus Johansson in neutral zone.
11:55 of 3rd period - Icing by Olli Maata.
11:56 of 3rd period - Marcus Johansson wins face-off versus Nazem Kadri in Penguins zone.
12:03 of 3rd period - Shot by Nazem Kadri.
12:03 of 3rd period - Shot Blocked by Olli Maata.
12:05 of 3rd period - Shot by Chris Phillips.
12:05 of 3rd period - Goal by Chris Phillips - Penguins : 3 - Maple Leafs : 3.
12:06 of 3rd period - Alexander Wennberg wins face-off versus William Nylander in neutral zone.
12:55 of 3rd period - Icing by Morgan Rielly.
12:56 of 3rd period - Marcus Johansson wins face-off versus William Nylander in Maple Leafs zone.
13:01 of 3rd period - Shot by Matt Martin.
13:01 of 3rd period - Shot Blocked by Morgan Rielly.
13:19 of 3rd period - Brandon Yip is hit by Mike Commodore and loses puck.
13:33 of 3rd period - Minor Penalty to Kurtis Foster for High sticking.
13:34 of 3rd period - Alexander Burmistrov wins face-off versus Vincent Trocheck in Penguins zone.
13:40 of 3rd period - Alexander Burmistrov is hit by Tom Walsh and loses puck.
14:05 of 3rd period - Shot by Nick Foligno.
14:05 of 3rd period - Stopped by Ondrej Pavelec with a rebound.
14:07 of 3rd period - Shot by Tom Walsh.
14:07 of 3rd period - Stopped by Ondrej Pavelec without a rebound.
14:08 of 3rd period - William Nylander wins face-off versus Alexander Burmistrov in Penguins zone.
14:11 of 3rd period - Shot by Shawn Weller.
14:11 of 3rd period - Stopped by Ondrej Pavelec without a rebound.
14:12 of 3rd period - Vincent Trocheck wins face-off versus Alexander Semin in Penguins zone.
14:47 of 3rd period - Icing by Nazem Kadri.
14:48 of 3rd period - Vincent Trocheck wins face-off versus Alexander Burmistrov in Maple Leafs zone.
16:21 of 3rd period - Shot by Tanner Pearson.
16:21 of 3rd period - Shot Misses the Net.
16:36 of 3rd period - Tanner Pearson is hit by Mike Commodore and loses puck.
16:42 of 3rd period - Shot by Tanner Pearson.
16:42 of 3rd period - Stopped by Ondrej Pavelec with a rebound.
16:47 of 3rd period - William Nylander is hit by Mike Commodore and loses puck.
17:25 of 3rd period - Shot by Marcus Johansson.
17:25 of 3rd period - Shot Blocked by Mats Zuccarello.
17:35 of 3rd period - Shot by Marcus Johansson.
17:35 of 3rd period - Shot Misses the Net.
17:37 of 3rd period - Shot by Kyle Quincey.
17:37 of 3rd period - Shot Misses the Net.
17:39 of 3rd period - Shot by Dan Hamhuis.
17:39 of 3rd period - Stopped by Corey Crawford without a rebound.
17:40 of 3rd period - Nazem Kadri wins face-off versus Alexander Wennberg in Maple Leafs zone.
17:40 of 3rd period - Nazem Kadri is hit by Alexander Semin.
17:58 of 3rd period - Shawn Weller is hit by Alexander Semin and loses puck.
18:00 of 3rd period - Minor Penalty to Michael Del Zotto for Hooking.
18:01 of 3rd period - Vincent Trocheck wins face-off versus Kamil Kreps in Maple Leafs zone.
18:57 of 3rd period - Shot by Olli Maata.
18:57 of 3rd period - Shot Misses the Net.
18:59 of 3rd period - Shot by Marcus Johansson.
18:59 of 3rd period - Shot Misses the Net.
19:01 of 3rd period - Shot by Kurtis Foster.
19:01 of 3rd period - Deflect By Alexander Semin.
19:01 of 3rd period - Shot Misses the Net.
19:03 of 3rd period - Shot by Alexander Semin.
19:03 of 3rd period - Shot Misses the Net.
19:05 of 3rd period - Shot by Alexander Semin.
19:05 of 3rd period - Shot Misses the Net.
Goals for this period are 1 for Penguins vs 1 for Maple Leafs.
Shots for this period are 10 for Penguins vs 7 for Maple Leafs.

Overtime #1


0:01 of 1st overtime period - Alexander Semin wins face-off versus Riley Armstrong in neutral zone.
0:08 of 1st overtime period - Shot by Alexander Wennberg.
0:08 of 1st overtime period - Shot Blocked by Tom Walsh.
0:28 of 1st overtime period - Shot by Tom Walsh.
0:28 of 1st overtime period - Stopped by Ondrej Pavelec without a rebound.
0:29 of 1st overtime period - Zach Dalpe wins face-off versus Alexander Semin in Penguins zone.
0:42 of 1st overtime period - Shot by Alexander Semin.
0:42 of 1st overtime period - Stopped by Corey Crawford without a rebound.
0:43 of 1st overtime period - Riley Armstrong wins face-off versus Alexander Wennberg in Maple Leafs zone.
1:32 of 1st overtime period - Icing by Dan Hamhuis.
1:33 of 1st overtime period - Alexander Wennberg wins face-off versus Zach Dalpe in Penguins zone.
2:06 of 1st overtime period - Shot by Sergei Kostitsyn.
2:06 of 1st overtime period - Deflect By Zach Dalpe.
2:06 of 1st overtime period - Shot Misses the Net.
2:12 of 1st overtime period - Shot by Alexander Semin.
2:12 of 1st overtime period - Shot Misses the Net.
2:58 of 1st overtime period - Shot by Jordan Schroeder.
2:58 of 1st overtime period - Shot Misses the Net.
3:08 of 1st overtime period - Shot by Jordan Schroeder.
3:08 of 1st overtime period - Stopped by Corey Crawford without a rebound.
3:09 of 1st overtime period - Alexander Semin wins face-off versus Nazem Kadri in Maple Leafs zone.
3:46 of 1st overtime period - Shot by Alexander Semin.
3:46 of 1st overtime period - Goal by Alexander Semin - Penguins : 4 - Maple Leafs : 3.
Goals for this period are 1 for Penguins vs 0 for Maple Leafs.
Shots for this period are 3 for Penguins vs 1 for Maple Leafs.